| TOP OF THE 1ST |
|
Salem-Keizer Volcanoes batting - Pitching for Rome Braves : RHP Chris Hawkins
|
|
Pitching: RHP Chris Hawkins
|
|
|
Batting: RHB Noe Oliva
|
0-0: Ball 1-0: Ball 2-0: Called Strike 2-1: Ball 3-1: Base on Balls
|
|
Batting: LHB Dennis Jones
|
0-0: Called Strike 0-1: Ball Noe Oliva steals 2nd base 1-1: Ball 2-1: Ball Noe Oliva steals 3rd, throwing error, E2 Noe Oliva scores 3-1: Called Strike 3-2: Foul Ball, location: 2F 3-2: Strikes out looking
|
|
Batting: LHB Matt DeGrado
|
0-0: Swinging Strike 0-1: Ball 1-1: Ball 2-1: Foul Ball, location: 2F 2-2: Foul Ball, location: 2F 2-2: Strikes out looking
|
|
Batting: RHB Matt Wallace
|
0-0: Swinging Strike 0-1: Ball 1-1: Ball 2-1: Ball 3-1: Foul Ball, location: 2F 3-2: Foul Ball, location: 2F 3-2: Base on Balls
|
|
Batting: RHB Azeem bin Zuhair
|
0-0: Ball 1-0: Ball 2-0: Foul Ball, location: 2F 2-1: Ball 3-1: Called Strike 3-2: Strikes out looking
|
| Top of the 1st over - 1 run, 0 hits, 1 error, 1 left on base; Salem-Keizer 1 - Rome 0 |
| BOTTOM OF THE 1ST |
|
Rome Braves batting - Pitching for Salem-Keizer Volcanoes : RHP Antonio Torres
|
|
Pitching: RHP Antonio Torres
|
|
|
Batting: RHB Rafael Reyes
|
0-0: Called Strike 0-1: Ground out U3 (Groundball, 3, EV 85.6 MPH)
|
|
Batting: RHB Chris Trites
|
0-0: Ball 1-0: Ball 2-0: SINGLE (Groundball, 4MD, EV 99.4 MPH)
|
|
Batting: LHB Ricardo Sandoval
|
0-0: Ball Chris Trites steals 2nd base 1-0: Foul Ball, location: 2F 1-1: Ground out 4-3 (Groundball, 34D, EV 108.1 MPH) Chris Trites to third
|
|
Batting: LHB Tamaichi Sasada
|
0-0: Ball 1-0: Ball 2-0: Ball 3-0: Fly out, F9 (Flyball, 9, EV 77.5 MPH)
|
| Bottom of the 1st over - 0 runs, 1 hit, 0 errors, 1 left on base; Salem-Keizer 1 - Rome 0 |
| TOP OF THE 2ND |
|
Salem-Keizer Volcanoes batting - Pitching for Rome Braves : RHP Chris Hawkins
|
|
Batting: RHB Tony Nateras
|
0-0: Swinging Strike 0-1: Swinging Strike 0-2: Strikes out swinging
|
|
Batting: RHB Carlos Solis
|
0-0: SINGLE (Groundball, 6MD, EV 94.4 MPH)
|
|
Batting: SHB Kip Connolly
|
0-0: Ball 1-0: Swinging Strike 1-1: Foul Ball, location: 2F 1-2: Strikes out swinging
|
|
Batting: RHB Pablo Mejia
|
0-0: Ball 1-0: Foul Ball, location: 2F 1-1: Swinging Strike 1-2: Strikes out swinging
|
| Top of the 2nd over - 0 runs, 1 hit, 0 errors, 1 left on base; Salem-Keizer 1 - Rome 0 |
| BOTTOM OF THE 2ND |
|
Rome Braves batting - Pitching for Salem-Keizer Volcanoes : RHP Antonio Torres
|
|
Batting: SHB Karl Starnes
|
0-0: Reached via error on a dropped throw from 1B, E1 (Groundball, 34S, EV 80.0 MPH)
|
|
Batting: RHB Costantino Dolfini
|
0-0: Ball Wild Pitch! Karl Starnes to second 1-0: Called Strike 1-1: Ball Passed Ball! Karl Starnes to third 2-1: Foul Ball, location: 2F 2-2: Foul Ball, location: 2F 2-2: Foul Ball, location: 2F 2-2: DOUBLE (Flyball, 8LXD, EV 102.5 MPH) Karl Starnes scores
|
|
Batting: RHB Dave Pizarro
|
0-0: SINGLE (Line Drive, 4D, EV 95.6 MPH) Costantino Dolfini to third Runner from 3rd tries for Home, SAFE, throw by CF to home
|
|
Batting: RHB Tony Cabrera
|
0-0: Called Strike 0-1: Called Strike 0-2: Strikes out swinging Dave Pizarro steals 2nd, throwing error, E2 Dave Pizarro to third
|
|
Batting: RHB Mike Bergin
|
0-0: Ball 1-0: Foul Ball, location: 2F 1-1: Foul Ball, location: 2F 1-2: Ball 2-2: Strikes out swinging
|
|
Batting: RHB Rafael Reyes
|
0-0: Ball 1-0: Ball 2-0: Ball 3-0: Base on Balls
|
|
Batting: RHB Chris Trites
|
0-0: Ball Rafael Reyes is caught stealing 2nd base 2-4
|
| Bottom of the 2nd over - 2 runs, 2 hits, 2 errors, 1 left on base; Salem-Keizer 1 - Rome 2 |
| TOP OF THE 3RD |
|
Salem-Keizer Volcanoes batting - Pitching for Rome Braves : RHP Chris Hawkins
|
|
Batting: RHB Noe Oliva
|
0-0: Called Strike 0-1: Ball 1-1: Foul Ball, location: 2F 1-2: Foul Ball, location: 2F 1-2: Strikes out swinging
|
|
Batting: LHB Dennis Jones
|
0-0: Called Strike 0-1: Called Strike 0-2: Strikes out swinging
|
|
Batting: LHB Matt DeGrado
|
0-0: Foul Ball, location: 2F 0-1: Swinging Strike 0-2: Strikes out swinging
|
| Top of the 3rd over - 0 runs, 0 hits, 0 errors, 0 left on base; Salem-Keizer 1 - Rome 2 |
| BOTTOM OF THE 3RD |
|
Rome Braves batting - Pitching for Salem-Keizer Volcanoes : RHP Antonio Torres
|
|
Batting: RHB Chris Trites
|
0-0: Swinging Strike 0-1: Called Strike 0-2: Ball 1-2: Strikes out swinging
|
|
Batting: LHB Ricardo Sandoval
|
0-0: Swinging Strike 0-1: Foul Ball, location: 2F 0-2: Strikes out swinging
|
|
Batting: LHB Tamaichi Sasada
|
0-0: Ball 1-0: Called Strike 1-1: DOUBLE (Line Drive, 3D, EV 95.6 MPH)
|
|
Batting: SHB Karl Starnes
|
0-0: Called Strike 0-1: Ball 1-1: SINGLE (Groundball, 4D, EV 103.8 MPH) Tamaichi Sasada to third Runner from 3rd tries for Home, SAFE, throw by CF to home Karl Starnes to second
|
|
Batting: RHB Costantino Dolfini
|
0-0: Ball 1-0: Called Strike 1-1: Ball 2-1: Ball 3-1: Base on Balls
|
|
Batting: RHB Dave Pizarro
|
0-0: DOUBLE (Groundball, 5L, EV 101.2 MPH) Karl Starnes scores Costantino Dolfini to third Runner from 3rd tries for Home, SAFE, throw by LF to home
|
|
Pitching: LHP Justin Tidwell
|
|
|
Batting: RHB Tony Cabrera
|
0-0: Called Strike 0-1: Ball 1-1: Ball 2-1: Foul Ball, location: 2F 2-2: Ball 3-2: Foul Ball, location: 2F 3-2: Base on Balls
|
|
Batting: RHB Mike Bergin
|
0-0: Ball 1-0: Ball 2-0: Called Strike 2-1: Reached on error, E3 (Groundball, 34S, EV 63.1 MPH) Dave Pizarro to third Tony Cabrera to second
|
|
Batting: RHB Rafael Reyes
|
0-0: Ball 1-0: Ball 2-0: Ball 3-0: Base on Balls Dave Pizarro scores Tony Cabrera to third Mike Bergin to second
|
|
Batting: RHB Chris Trites
|
0-0: Ball 1-0: Ball 2-0: Fly out, F7 (Flyball, 7LD, EV 96.2 MPH)
|
| Bottom of the 3rd over - 4 runs, 3 hits, 1 error, 3 left on base; Salem-Keizer 1 - Rome 6 |
| TOP OF THE 4TH |
|
Salem-Keizer Volcanoes batting - Pitching for Rome Braves : RHP Chris Hawkins
|
|
Batting: RHB Matt Wallace
|
0-0: Called Strike 0-1: Called Strike 0-2: Strikes out looking
|
|
Batting: RHB Azeem bin Zuhair
|
0-0: Called Strike 0-1: Called Strike 0-2: Foul Ball, location: 2F 0-2: Ball 1-2: Strikes out swinging
|
|
Batting: RHB Tony Nateras
|
0-0: Ball 1-0: Foul Ball, location: 2F 1-1: Foul Ball, location: 2F 1-2: Ball 2-2: Strikes out swinging
|
| Top of the 4th over - 0 runs, 0 hits, 0 errors, 0 left on base; Salem-Keizer 1 - Rome 6 |
| BOTTOM OF THE 4TH |
|
Rome Braves batting - Pitching for Salem-Keizer Volcanoes : LHP Justin Tidwell
|
|
Batting: LHB Ricardo Sandoval
|
0-0: Called Strike 0-1: Swinging Strike 0-2: Ball 1-2: Ball 2-2: Foul Ball, location: 2F 2-2: Ball 3-2: Strikes out swinging
|
|
Batting: LHB Tamaichi Sasada
|
0-0: Called Strike 0-1: Ball 1-1: Ball 2-1: Fly out, F7 (Line Drive, 7, EV 94.4 MPH)
|
|
Batting: SHB Karl Starnes
|
0-0: Ball 1-0: Ground out 6-3 (Groundball, 56, EV 92.5 MPH)
|
| Bottom of the 4th over - 0 runs, 0 hits, 0 errors, 0 left on base; Salem-Keizer 1 - Rome 6 |
| TOP OF THE 5TH |
|
Salem-Keizer Volcanoes batting - Pitching for Rome Braves : RHP Chris Hawkins
|
|
Batting: RHB Carlos Solis
|
0-0: Foul Ball, location: 2F 0-1: Ball 1-1: Foul Ball, location: 2F 1-2: Strikes out looking
|
|
Batting: SHB Kip Connolly
|
0-0: Foul Ball, location: 2F 0-1: Foul Ball, location: 2F 0-2: Strikes out swinging
|
|
Batting: RHB Pablo Mejia
|
0-0: Foul Ball, location: 2F 0-1: Ball 1-1: Swinging Strike 1-2: Strikes out swinging
|
| Top of the 5th over - 0 runs, 0 hits, 0 errors, 0 left on base; Salem-Keizer 1 - Rome 6 |
| BOTTOM OF THE 5TH |
|
Rome Braves batting - Pitching for Salem-Keizer Volcanoes : LHP Justin Tidwell
|
|
Batting: RHB Costantino Dolfini
|
0-0: Ball 1-0: Ball 2-0: Ball 3-0: Base on Balls
|
|
Batting: RHB Dave Pizarro
|
0-0: Called Strike Costantino Dolfini steals 2nd base 0-1: Ground out U3 (Groundball, 3, EV 95.0 MPH) Costantino Dolfini to third
|
|
Batting: RHB Tony Cabrera
|
0-0: SINGLE (Line Drive, 89S, EV 103.1 MPH) Costantino Dolfini scores
|
|
Batting: RHB Mike Bergin
|
0-0: Called Strike 0-1: SINGLE (Line Drive, 78S, EV 105.6 MPH) Tony Cabrera to second
|
|
Batting: RHB Rafael Reyes
|
0-0: Ball 1-0: Called Strike 1-1: SINGLE (Groundball, 6, EV 106.2 MPH) Tony Cabrera to third Mike Bergin to second Throwing error, E7 Tony Cabrera scores Mike Bergin to third Rafael Reyes to second
|
|
Batting: RHB Chris Trites
|
0-0: Ball Wild Pitch! Mike Bergin scores Rafael Reyes to third 1-0: Swinging Strike 1-1: Called Strike 1-2: Ball 2-2: SINGLE (Groundball, 6MD, EV 96.2 MPH) Rafael Reyes scores
|
|
Batting: LHB Ricardo Sandoval
|
0-0: Ball 1-0: DOUBLE (Groundball, 3L, EV 100.0 MPH) Chris Trites to third Runner from 3rd tries for Home, SAFE, no throw by RF
|
|
Pitching: LHP Diego Tellez
|
|
|
Batting: LHB Tamaichi Sasada
|
0-0: Called Strike 0-1: Ball Wild Pitch! Ricardo Sandoval to third 1-1: Foul Ball, location: 2F 1-2: Ground out 4-3 (Groundball, 34D, EV 98.1 MPH) Ricardo Sandoval scores
|
|
Batting: SHB Karl Starnes
|
0-0: Called Strike 0-1: Called Strike 0-2: Foul Ball, location: 2F 0-2: Foul Ball, location: 2F 0-2: Hit by Pitch
|
|
Batting: RHB Costantino Dolfini
|
0-0: Swinging Strike 0-1: Foul Ball, location: 7LSF, Error on foul ball, E7 0-2: Ball 1-2: Foul Ball, location: 2F 1-2: Ball 2-2: Ball 3-2: Foul Ball, location: 2F 3-2: Base on Balls Karl Starnes to second
|
|
Batting: RHB Dave Pizarro
|
0-0: Ball 1-0: Foul Ball, location: 2F 1-1: Swinging Strike 1-2: Strikes out looking
|
| Bottom of the 5th over - 6 runs, 5 hits, 2 errors, 2 left on base; Salem-Keizer 1 - Rome 12 |
| TOP OF THE 6TH |
|
Salem-Keizer Volcanoes batting - Pitching for Rome Braves : RHP Chris Hawkins
|
|
Batting: RHB Noe Oliva
|
0-0: Ball 1-0: Foul Ball, location: 2F 1-1: Called Strike 1-2: Ball 2-2: Strikes out swinging
|
|
Batting: LHB Dennis Jones
|
0-0: Ball 1-0: Swinging Strike 1-1: Foul Ball, location: 2F 1-2: Foul Ball, location: 2F 1-2: Foul Ball, location: 2F 1-2: Strikes out swinging
|
|
Pitching: RHP Matt Buxton
|
|
|
Batting: LHB Matt DeGrado
|
0-0: Called Strike 0-1: Ball 1-1: Ball 2-1: Foul Ball, location: 2F 2-2: Strikes out swinging
|
| Top of the 6th over - 0 runs, 0 hits, 0 errors, 0 left on base; Salem-Keizer 1 - Rome 12 |
| BOTTOM OF THE 6TH |
|
Rome Braves batting - Pitching for Salem-Keizer Volcanoes : LHP Diego Tellez
|
|
Batting: RHB Tony Cabrera
|
0-0: Ball 1-0: Foul Ball, location: 2F 1-1: Ball 2-1: Ball 3-1: Swinging Strike 3-2: SINGLE (Groundball, 6MS, EV 66.9 MPH) (infield hit)
|
|
Batting: RHB Mike Bergin
|
0-0: Ball 1-0: Foul Ball, location: 2F 1-1: Ball 2-1: Foul Ball, location: 2F 2-2: SINGLE (Groundball, 34, EV 95.0 MPH) Tony Cabrera to second Runner from 2nd tries for 3rd, SAFE, throw by RF made at trailing runner, OUT! 9-6
|
|
Batting: RHB Rafael Reyes
|
0-0: Ground out U3 (Groundball, 13, EV 88.1 MPH) Tony Cabrera scores
|
|
Batting: RHB Chris Trites
|
0-0: Ball 1-0: Foul Ball, location: 2F 1-1: SINGLE (Groundball, 6MD, EV 105.0 MPH)
|
|
Batting: LHB Ricardo Sandoval
|
0-0: Called Strike 0-1: Ball 1-1: Swinging Strike 1-2: Strikes out swinging
|
| Bottom of the 6th over - 1 run, 3 hits, 0 errors, 1 left on base; Salem-Keizer 1 - Rome 13 |
| TOP OF THE 7TH |
|
Salem-Keizer Volcanoes batting - Pitching for Rome Braves : RHP Matt Buxton
|
|
Now at C: Gebre-Giorgios Wangondu
|
|
|
Batting: RHB Matt Wallace
|
0-0: Foul Ball, location: 2F 0-1: Ball 1-1: Ball 2-1: Ball 3-1: Called Strike 3-2: Strikes out swinging
|
|
Batting: RHB Azeem bin Zuhair
|
0-0: Foul Ball, location: 2F 0-1: Ball 1-1: Ball 2-1: Foul Ball, location: 2F 2-2: Ball 3-2: Strikes out swinging
|
|
Batting: RHB Tony Nateras
|
0-0: Swinging Strike 0-1: Called Strike 0-2: Strikes out swinging
|
| Top of the 7th over - 0 runs, 0 hits, 0 errors, 0 left on base; Salem-Keizer 1 - Rome 13 |
| BOTTOM OF THE 7TH |
|
Rome Braves batting - Pitching for Salem-Keizer Volcanoes : LHP Diego Tellez
|
|
Batting: LHB Tamaichi Sasada
|
0-0: Ball 1-0: Foul Ball, location: 2F 1-1: Foul Ball, location: 2F 1-2: SOLO HOME RUN (Flyball, 89XD, EV 105.0 MPH), Distance : 427 ft
|
|
Batting: SHB Karl Starnes
|
0-0: Ball 1-0: Ball 2-0: Ball 3-0: Base on Balls
|
|
Batting: RHB Costantino Dolfini
|
0-0: Ball 1-0: TRIPLE (Line Drive, 89XD, EV 106.9 MPH) Karl Starnes scores
|
|
Batting: RHB Dave Pizarro
|
0-0: Foul Ball, location: 2F 0-1: Ball 1-1: SINGLE (Groundball, 4D, EV 98.8 MPH) Costantino Dolfini scores
|
|
Batting: RHB Tony Cabrera
|
0-0: SINGLE (Line Drive, 4M, EV 98.8 MPH) Dave Pizarro to second
|
|
Batting: RHB Gebre-Giorgios Wangondu
|
0-0: Fly out, F8 (Flyball, 8RXD, EV 103.1 MPH) Runner from 2nd tags up, SAFE at 3rd, no throw by CF
|
|
Batting: RHB Rafael Reyes
|
0-0: Called Strike 0-1: Ball 1-1: Swinging Strike 1-2: DOUBLE (Groundball, 5L, EV 101.2 MPH) Dave Pizarro scores Tony Cabrera to third
|
|
Batting: RHB Chris Trites
|
0-0: Ground out 6-3 (Groundball, 6, EV 88.8 MPH) Tony Cabrera scores Rafael Reyes to third
|
|
Batting: LHB Ricardo Sandoval
|
0-0: Ground out U3 (Groundball, 3, EV 80.0 MPH)
|
| Bottom of the 7th over - 5 runs, 5 hits, 0 errors, 1 left on base; Salem-Keizer 1 - Rome 18 |
| TOP OF THE 8TH |
|
Salem-Keizer Volcanoes batting - Pitching for Rome Braves : RHP Matt Buxton
|
|
Batting: RHB Carlos Solis
|
0-0: Called Strike 0-1: Foul Ball, location: 2F 0-2: Strikes out swinging
|
|
Batting: SHB Kip Connolly
|
0-0: SINGLE (Groundball, 4MD, EV 106.2 MPH)
|
|
Batting: RHB Pablo Mejia
|
0-0: Sac Bunt to 13 - play at first, batter OUT! 1-3 Kip Connolly to second
|
|
Batting: RHB Noe Oliva
|
0-0: Called Strike 0-1: Called Strike 0-2: Strikes out swinging
|
| Top of the 8th over - 0 runs, 1 hit, 0 errors, 1 left on base; Salem-Keizer 1 - Rome 18 |
| BOTTOM OF THE 8TH |
|
Rome Braves batting - Pitching for Salem-Keizer Volcanoes : LHP Diego Tellez
|
|
Batting: LHB Tamaichi Sasada
|
0-0: SINGLE (Line Drive, 89S, EV 109.4 MPH)
|
|
Batting: SHB Karl Starnes
|
0-0: Ball 1-0: Ball Passed Ball! Tamaichi Sasada to second 2-0: Ball 3-0: Called Strike 3-1: Called Strike 3-2: Foul Ball, location: 2F 3-2: Base on Balls
|
|
Batting: RHB Costantino Dolfini
|
0-0: SINGLE (Groundball, 56S, EV 63.8 MPH) (infield hit) Tamaichi Sasada to third Karl Starnes to second
|
|
Batting: RHB Dave Pizarro
|
0-0: Fly out, F7 (Flyball, 78D, EV 91.9 MPH)
|
|
Batting: RHB Tony Cabrera
|
0-0: Ball 1-0: Foul Ball, location: 2F 1-1: Foul Ball, location: 2F 1-2: Foul Ball, location: 2F 1-2: Strikes out swinging
|
|
Batting: RHB Gebre-Giorgios Wangondu
|
0-0: Ball 1-0: Swinging Strike 1-1: Called Strike 1-2: Strikes out looking
|
| Bottom of the 8th over - 0 runs, 2 hits, 0 errors, 3 left on base; Salem-Keizer 1 - Rome 18 |
| TOP OF THE 9TH |
|
Salem-Keizer Volcanoes batting - Pitching for Rome Braves : RHP Matt Buxton
|
|
Batting: LHB Dennis Jones
|
0-0: Ball 1-0: Called Strike 1-1: Ball 2-1: Foul Ball, location: 2F 2-2: Foul Ball, location: 2F 2-2: Strikes out swinging
|
|
Batting: LHB Matt DeGrado
|
0-0: Called Strike 0-1: Foul Ball, location: 2F 0-2: Ball 1-2: Foul Ball, location: 2F 1-2: Strikes out looking
|
|
Batting: RHB Matt Wallace
|
0-0: Ball 1-0: Ball 2-0: Fly out, F9 (Flyball, 9LS, EV 94.4 MPH)
|
| Top of the 9th over - 0 runs, 0 hits, 0 errors, 0 left on base; Salem-Keizer 1 - Rome 18 |
|